 Dungeon Crawl Stone Soup version 0.29.1-12-g30fa7ad0bf (webtiles) character file.

Game seed: 13671166098319174520

987 retardedninja the Cleaver (level 8, -2/69 HPs)
             Began as a Hill Orc Fighter on Dec 13, 2022.
             Was an Initiate of Gozag.
             Slain by a water moccasin (5 damage)
             ... on level 6 of the Dungeon.
             The game lasted 00:09:18 (5992 turns).

retardedninja the Cleaver (Hill Orc Fighter)        Turns: 5992, Time: 00:09:19

Health: -2/69      AC: 10    Str: 21    XL:     8   Next: 18%
Magic:  8/8        EV:  6    Int:  8    God:    Gozag
Gold:   357        SH:  8    Dex: 10    Spells: 7/7 levels left

rFire   + + .      SeeInvis .   a - +0 war axe
rCold   . . .      Faith    .   t - +0 kite shield
rNeg    . . .      Spirit   .   s - +0 chain mail
rPois   .          Reflect  .   (no helmet)
rElec   .          Harm     .   (no cloak)
rCorr   .          Rampage  .   (no gloves)
Will    .....                   (no boots)
Stlth   ..........              g - amulet of Kygus {rF+ Regen+}
HPRegen 1.01/turn               r - ring of protection from fire
MPRegen 0.11/turn               (no ring)

@: lethally poisoned (-2 -> -2)
A: no striking features
a: Renounce Religion, Potion Petition, Call Merchant, Bribe Branch


You were on level 6 of the Dungeon.
You worshipped Gozag.
Gozag was aware of your devotion.
You visited 2 branches of the dungeon, and saw 7 of its levels.

You collected 405 gold pieces.
You paid 48 gold pieces to Gozag.

Inventory:

Hand Weapons
 a - a +0 war axe (weapon)
Missiles
 q - 5 boomerangs
Armour
 s - a +0 chain mail (worn)
 t - a +0 kite shield (worn)
Jewellery
 g - the amulet of Kygus (around neck) {rF+ Regen+}
   (You acquired it on level 4 of the Dungeon)

   [amulet of regeneration]

   rF:        It protects you from fire.
   Regen:     It increases your rate of health regeneration.
 r - a ring of protection from fire (left hand)
Wands
 n - a wand of paralysis (8) (quivered)
Scrolls
 b - a scroll of amnesia
 f - 3 scrolls of magic mapping
 j - a scroll of poison
 p - a scroll of fog
Potions
 h - 2 potions of lignification
 l - a potion of magic
 o - 3 potions of brilliance


   Skills:
 + Level 5.5 Fighting
 * Level 9.3 Axes
 + Level 5.5 Armour
 - Level 0.9 Dodging
 - Level 0.2 Stealth
 + Level 4.3 Shields


You had 7 spell levels left.
You didn't know any spells.
Your spell library contained the following spells:

 Spells                   Type           Power      Damage    Failure   Level
 Sandblast                Erth           0%         2d4       100%        1
 Sting                    Tmut/Pois      0%         1d3       100%        1
 Passwall                 Tmut/Erth      0%         N/A       100%        2
 Poisonous Vapours        Pois/Air       0%         N/A       100%        2
 Stone Arrow              Conj/Erth      0%         3d7       100%        3
 Olgreb's Toxic Radiance  Pois           0%         N/A       100%        4


Dungeon Overview and Level Annotations

Branches:
Dungeon (6/15)             Temple (1/1) D:4

Altars:
Ashenzari
Cheibriados
Dithmenos
Elyvilon
Fedhas
Gozag
Hepliaklqana
Kikubaaqudgha
Nemelex Xobeh
Okawaru
Qazlal
Sif Muna
Trog
Uskayaw
Vehumet
Wu Jian
Xom
Zin
The Shining One

Shops:
D:2 (

Annotations:
D:2 1 runed translucent door, Crazy Yiuf


Message History

You block the water moccasin's attack.
The water moccasin's inner flame fades away.
The water moccasin bites you.
* * * LOW HITPOINT WARNING * * *
You are poisoned.
The water moccasin poisons you!
You feel very sick. The water moccasin bites you.
* * * LOW HITPOINT WARNING * * *
You feel sick.
The water moccasin bites you but does no damage.
You flicker back into view.
You feel sick.
Okay, then.
Really quaff the potion of lignification?
You turn into a tree.
Your +0 chain mail melds into your body.
Your roots penetrate the ground.
You feel sick.
The water moccasin bites you but does no damage.
Your magical effects are unravelling.
You feel magically purged.
You feel less wooden.
Your +0 chain mail unmelds from your body.
You feel sick. You block the water moccasin's attack.
The water moccasin bites you.
* * * LOW HITPOINT WARNING * * *
You closely miss the water moccasin.
The water moccasin is severely wounded.
You feel sick.
The water moccasin bites you but does no damage.
You closely miss the water moccasin.
The water moccasin is heavily wounded.
You feel sick.
The water moccasin bites you but does no damage. x2
You slash the water moccasin!
The water moccasin is almost dead.
You feel sick. The water moccasin barely misses you.
The water moccasin bites you.
You die...
Your body crumbles into a pile of gold.

##...########## #
##.............# ########
####........#####.# #.
........
...............##.# #)
###.####
#.##........##.##.# #.
#.##..
...##.............#
#.####.##.#
....#........###..#
#.........#
...#######...# #S.#
#..###.#### #.##
###.###@## #..###..>..
#.# #.....# #......####
#.# ###.### ##.##### #'##
#.# #.# ...# #####.#####
#.# # .$..# #.........#
#.## ## .....#
#..#..###.# #..## ##.
......#
#...#.###.#####...####..
......+
....###.....).........+..


You could see a water moccasin.

Vanquished Creatures
  A black bear (D:5)
  An ogre (D:6)
  2 centaurs (D:5)
  2 phantoms
  2 scorpions (D:5)
  2 hounds (D:5)
  An orc priest (D:4)
  2 iguanas
  6 orc wizards
  3 adders
  A white imp (D:5)
  2 worms (D:3)
  A dart slug (D:1)
  12 orcs
  6 ball pythons
  8 bats
  6 endoplasms
  5 giant cockroaches
  11 goblins
  4 hobgoblins
  6 kobolds
  10 quokkas
  5 frilled lizards
  5 rats
104 creatures vanquished.

Vanquished Creatures (others)
  An orc (D:5)
  3 plants (D:5)
4 creatures vanquished.

Grand Total: 108 creatures vanquished

Notes
Turn   | Place    | Note
-------+----------+-------------------------------------------
     0 | D:1      | retardedninja the Hill Orc Fighter began the quest for the
                  | Orb.
     0 | D:1      | Reached XP level 1. HP: 19/19 MP: 1/1
    29 | D:1      | Found a faded altar of an unknown god.
   218 | D:1      | Reached XP level 2. HP: 26/27 MP: 2/2
   545 | D:1      | Reached XP level 3. HP: 28/33 MP: 3/3
  1027 | D:2      | Reached skill level 3 in Axes
  1235 | D:2      | Found a runed translucent door.
  1236 | D:2      | Noticed Crazy Yiuf
  1307 | D:2      | Found Uchub's Weapon Shop.
  2380 | D:3      | Reached XP level 4. HP: 35/40 MP: 4/4
  2435 | D:3      | Found a blossoming altar of Fedhas.
  2580 | D:3      | Reached skill level 4 in Axes
  3092 | D:4      | Identified a scroll of acquirement
  3092 | D:4      | Acquired the amulet of Kygus {rF+ Regen+}
  3195 | D:4      | Found a staircase to the Ecumenical Temple.
  3217 | D:4      | Found a glowing golden altar of the Shining One.
  3233 | D:4      | Noticed a phantom
  3239 | D:4      | Killed a phantom
  3240 | D:4      | Reached skill level 5 in Axes
  3240 | D:4      | Reached XP level 5. HP: 47/47 MP: 5/5
  3261 | D:4      | Found a stormy altar of Qazlal.
  3288 | D:4      | Found an iron altar of Okawaru.
  3449 | D:4      | Reached XP level 6. HP: 12/53 MP: 6/6
  3819 | D:4      | Found an opulent altar of Gozag.
  3944 | D:4      | Became a worshipper of Gozag Ym Sagoz the Greedy
  4387 | D:5      | Entered Level 5 of the Dungeon
  4403 | Temple   | Entered the Ecumenical Temple
  4729 | D:5      | Reached skill level 6 in Axes
  4981 | D:5      | Reached skill level 7 in Axes
  4981 | D:5      | Reached skill level 5 in Armour
  4981 | D:5      | Reached XP level 7. HP: 17/60 MP: 7/7
  4985 | D:5      | Reached skill level 5 in Fighting
  5117 | D:5      | Found a white marble altar of Elyvilon.
  5301 | D:5      | Reached skill level 8 in Axes
  5703 | D:6      | Reached skill level 9 in Axes
  5703 | D:6      | Reached XP level 8. HP: 66/69 MP: 8/8
  5710 | D:6      | Found a sparkling altar of Nemelex Xobeh.
  5710 | D:6      | Found a hide-covered altar of Uskayaw.
  5955 | D:6      | HP: 2/69 [water moccasin (4)]
  5989 | D:6      | HP: 3/69 [water moccasin (1)]
  5992 | D:6      | Slain by a water moccasin

Illustrated notes

Levels and vault maps discovered:
D:1:      dpeg_arrival_rooms_c, layout_loops_ring,
          hellmonk_ecumenical_altar_crossroads
D:2:      layout_loops_corners, serial_shops, nicolae_shop_advertising_works
          [nicolae_subvault_shop_adworks], uniq_crazy_yiuf_cottage
D:3:      layout_basic, fedhas_altar_1, minmay_ruptured
D:4:      layout_gridville, tso_metal_star, okawaru_gym_becter,
          mainiacjoe_overflow_tiny_flanked, kennysheep_little_box,
          minmay_temple_entry_purple_smoke, portal_sewer_entry_f
D:5:      layout_basic, nicolae_elyvilon_temple_path
D:6:      layout_loops_corners, grunt_temple_overflow_open,
          nicolae_elevator_lobby_plus
Temple:   grunt_temple_mini_profane

Skill      XL: |  1  2  3  4  5  6  7 |
---------------+----------------------+-----
Fighting       | 4 5 |  5.5
Axes           | 3 5 7 9 |  9.3
Armour         | 4 5 |  5.5
Shields        | 4 |  4.3
Dodging        | |  0.9
Stealth        | |  0.2

Action                   |  1- 3 |  4- 6 |  7- 9 || total
-------------------------+-------+-------+-------++-------
Melee: War axe           |   126 |   127 |    43 ||   296
  Use: Scroll            |       |    11 |     3 ||    14
       Potion            |       |     5 |     3 ||     8
Armor: Scale mail        |    60 |    26 |       ||    86
       Chain mail        |       |    49 |    23 ||    72
       Skin              |       |       |     1 ||     1
Dodge: Dodged            |    66 |    54 |    10 ||   130
Block: Buckler           |    25 |    41 |     4 ||    70
       Kite shield       |       |       |    11 ||    11
